 Dungeon Crawl Stone Soup version 0.20-a0-1089-g3fde505 (console) character file.

343 nht the Bolt Thrower (level 6, -5/50 HPs)
             Began as a Hill Orc Wanderer on May 2, 2017.
             Slain by a scorpion (8 damage)
             ... on level 4 of the Dungeon.
             The game lasted 00:05:53 (2992 turns).

nht the Bolt Thrower (Hill Orc Wanderer)            Turns: 2992, Time: 00:05:53

Health: -5/50      AC:  3    Str: 16    XL:     6   Next: 57%
Magic:  6/6        EV: 11    Int: 14    God:
Gold:   8          SH:  0    Dex:  7    Spells: 5/5 levels left

rFire    . . .     SeeInvis .   q - +0 war axe
rCold    . . .     Gourm    .   (no shield)
rNeg     . . .     Faith    .   f - +0 robe
rPois    .         Spirit   .   (helmet restricted)
rElec    .         Reflect  .   (no cloak)
rCorr    .         Harm     .   (no gloves)
MR       .....                  w - +0 pair of boots
Stlth    +.........             (no amulet)
Regen    0.2/turn               (no ring)
MPRegen  0.1/turn               (no ring)

@: no status effects
A: horns 1, clumsy 1
a: no special abilities


You were on level 4 of the Dungeon.
You were hungry.

You visited 1 branch of the dungeon, and saw 4 of its levels.

You collected 148 gold pieces.
You spent 140 gold pieces at shops.

Inventory:

Hand Weapons
 a - a +2 short sword
 b - a +0 hand crossbow
 e - a +0 blowgun
 k - a +1 spear of piercing
 q - a +0 war axe (weapon)
Missiles
 d - 24 poisoned needles
 r - 10 bolts
Armour
 f - a +0 robe (worn)
 w - a +0 pair of boots (worn)
Wands
 v - a wand of random effects (11/48)
Scrolls
 j - 6 scrolls of identify
 m - 3 scrolls of teleportation {unknown}
 n - 3 scrolls of blinking {unknown}
 o - 4 scrolls of remove curse {unknown}
 s - 2 scrolls of immolation {unknown}
Potions
 c - a potion of heal wounds
 i - a potion of brilliance
 l - a potion of resistance
 u - 2 potions of might
 x - a potion of haste
Comestibles
 g - 3 bread rations
 p - 3 meat rations


   Skills:
 - Level 2.4 Fighting
 - Level 2.0 Short Blades
 + Level 3.2(3.7) Axes
   Level 2.1(2.8) Maces & Flails
 - Level 5.2 Crossbows
 - Level 1.7 Throwing
 - Level 2.1 Armour


You had 5 spell levels left.
You didn't know any spells.

Dungeon Overview and Level Annotations

Branches:
Dungeon (4/15)
 Temple: D:4-7

Altars:
Dithmenos
Gozag
Hepliaklqana
Kikubaaqudgha
Qazlal
Yredelemnul

Shops:
D:4 [!!*


Innate Abilities, Weirdness & Mutations

You have a pair of small horns on your head.
You are clumsy. (Dex -2)


Message History

The scorpion is severely wounded.
* * * LOW HITPOINT WARNING * * *
You feel sick. The scorpion misses you.
Unknown command.
You feel better. The scorpion stings you.
* * * LOW HITPOINT WARNING * * *
Unknown command.
Okay, then.
Evoke which item? (* to show all) (? for menu, Esc to quit)
Aiming: Random Effects
Press: ? - help, Shift-Dir - straight line, f - scorpion
Aim: a scorpion (severely wounded)
The fireball explodes!
The fireball engulfs the scorpion.
The scorpion is severely wounded.
The fireball engulfs you!
* * * LOW HITPOINT WARNING * * *
This wand has 11 charges left.
You hear a shout!
The scorpion stings you!
You die... ..█ █............██.....█....█ ..█ █............██..........█** ..█ █............█...........+,, ..█ █....█████████...........█** ..█ █....█ █...........█ ..█ █....█ █...........█ ..█ ██████

████.█████.....█ ..██
█.(..........███
...█████████████@██████..██.█****
........).......s)...........,,,,
...............).)......,,,,,,,,,
≈≈≈≈≈≈≈≈≈≈≈.......≈.≈..≈≈≈≈,≈≈,,≈
≈≈≈≈≈≈≈≈≈≈.....≈≈≈≈≈≈≈≈≈≈≈≈≈≈≈≈≈≈
≈≈≈≈≈≈≈≈≈≈.....≈≈≈≈≈≈≈≈≈≈≈≈≈≈≈≈≈≈
≈≈≈≈≈≈≈≈≈≈.....≈≈≈≈≈≈≈≈≈≈≈≈≈≈≈≈≈≈
████████████++██████████*********
,,*,,,,,,,*,,,,*,,,,,,,*,,,,,** *


You could see a scorpion.

Vanquished Creatures
  The ghost of nht the Ruffian, an amateur DrTm (D:3)
  An orc priest (D:4)
  An iguana (D:4)
  An orc wizard (D:4)
  7 adders
  3 worms
  6 dart slugs
  5 leopard geckos
  3 orcs
  2 ball pythons
  3 bats
  6 giant cockroaches
  14 goblins
  8 hobgoblins
  6 jackals
  7 kobolds
  A quokka (D:1)
  10 frilled lizards
  10 rats
95 creatures vanquished.

Notes
Turn   | Place    | Note
-------+----------+-------------------------------------------
     0 | D:1      | nht the Hill Orc Wanderer began the quest for the Orb.
     0 | D:1      | nht set off with: a +2 short sword, a +0 hand crossbow, 22 bolts, 12 poisoned needles, a +0 blowgun, a +0 robe, a bread ration
     0 | D:1      | Reached XP level 1. HP: 18/18 MP: 1/1
    52 | D:1      | Reached skill level 1 in Crossbows
   104 | D:1      | Reached XP level 2. HP: 24/25 MP: 2/2
   116 | D:1      | Reached skill level 2 in Crossbows
   238 | D:1      | Reached XP level 3. HP: 30/30 MP: 3/3
   591 | D:2      | Reached skill level 3 in Crossbows
   606 | D:2      | Reached XP level 4. HP: 14/37 MP: 4/4
  1106 | D:2      | Found a hazy altar of Hepliaklqana.
  1119 | D:2      | Found a basalt altar of Yredelemnul.
  1155 | D:2      | Found a stormy altar of Qazlal.
  1681 | D:2      | Found a shadowy altar of Dithmenos.
  1954 | D:3      | Found an opulent altar of Gozag.
  1957 | D:3      | Reached skill level 4 in Crossbows
  1964 | D:3      | Reached XP level 5. HP: 21/42 MP: 5/5
  1981 | D:3      | Noticed nht's ghost (amateur DrTm)
  1998 | D:3      | Killed nht's ghost
  2026 | D:3      | Reached skill level 5 in Crossbows
  2041 | D:3      | Reached XP level 6. HP: 17/50 MP: 6/6
  2540 | D:4      | Found an ancient bone altar of Kikubaaqudgha.
  2545 | D:4      | Gained mutation: You are clumsy. (Dex -2) [potion of mutation]
  2545 | D:4      | Gained mutation: You have a pair of small horns on your head. [potion of mutation]
  2556 | D:4      | Found Nampa's Distillery.
  2564 | D:4      | Bought a potion of haste for 100 gold pieces
  2564 | D:4      | Bought a potion of might for 40 gold pieces
  2585 | D:4      | Found Vorrum's Armour Boutique.
  2593 | D:4      | Reached skill level 1 in Axes
  2840 | D:4      | Found Zaoqeq's Distillery.
  2955 | D:4      | Found Vuasm's Assorted Antiques.
  2992 | D:4      | Slain by a scorpion

Vault maps used:
D:1:      evilmike_arrival_hilbert_curve
D:2:      nicolae_overflow_quartered_altars
D:3:      lemuel_crystal_altar
D:4:      minmay_goblin_kobold_castle, kiku_gazebo_garden_becter, serial_shops,
          nicolae_shop_waterfront, shop, nicolae_shop_stone,
          nicolae_shop_crystal, first_bread, sigmund_edmund_badplayer

Skill      XL: |  1  2  3  4  5  6 |
---------------+-------------------+-----
Crossbows      | 1 2 3 4 5 |  5.2
Axes           | 3 |  3.2
Fighting       | |  2.4
Short Blades   | |  2.0
Maces & Flails | |  2.1
Throwing       | |  1.7
Armour         | |  2.1

Action                   |  1- 3 |  4- 6 || total
-------------------------+-------+-------++-------
Melee: Spear             |       |   132 ||   132
       War axe           |       |    15 ||    15
       Headbutt          |       |     1 ||     1
 Fire: Hand crossbow     |    96 |    70 ||   166
Evoke: Wand              |       |    12 ||    12
  Use: Potion            |     2 |     7 ||     9
       Scroll            |       |     2 ||     2
 Stab: Sleeping          |       |     2 ||     2
  Eat: Chunk             |       |     6 ||     6
Armor: Robe              |    11 |    28 ||    39
Dodge: Dodged            |    37 |   103 ||   140
